 Dungeon Crawl Stone Soup version 0.29.1-13-g9f3cf754e1 (webtiles) character file.

Game seed: 6425047225603999815

777 theswoord the Carver (level 7, -3/78 HPs)
             Began as a Demonspawn Monk on Jan 26, 2023.
             Was an Initiate of Yredelemnul.
             Slain by a scorpion (5 damage)
             ... on level 6 of the Dungeon.
             The game lasted 00:06:24 (6450 turns).

theswoord the Carver (Demonspawn Monk)              Turns: 6450, Time: 00:06:25

Health: -3/78      AC: 23    Str: 12    XL:     7   Next: 54%
Magic:  16/16      EV:  2    Int: 11    God:    Yredelemnul [......]
Gold:   258        SH:  0    Dex: 19    Spells: 6/6 levels left

rFire   . . .      SeeInvis .   a - +1 falchion (vamp)
rCold   . . .      Faith    .   (no shield)
rNeg    . . .      Spirit   .   (body armour currently unavailable)
rPois   +          Reflect  .   (helmet currently unavailable)
rElec   .          Harm     .   (cloak currently unavailable)
rCorr   .          Rampage  .   (gloves currently unavailable)
Will    .....      NoTele   +   (boots currently unavailable)
Stlth   +++.......              (no amulet)
HPRegen 0.23/turn               f - ring of magical power
MPRegen 0.15/turn               (no ring)

@: mighty, tree-form
A: stationary, stasis, torment immunity, boosted hp, (antennae 1), thin skeletal
structure 1, (spiny 1)
a: Renounce Religion, Recall Undead Harvest


You were on level 6 of the Dungeon.
You worshipped Yredelemnul.
Yredelemnul was noncommittal.
You were a tree.
You visited 2 branches of the dungeon, and saw 7 of its levels.

You collected 258 gold pieces.

Inventory:

Hand Weapons
 a - a +1 vampiric falchion (weapon)
Armour
 b - a +0 robe
 k - a +0 scale mail (melded)
 u - a +0 cloak
Jewellery
 f - a ring of magical power (left branch)
 o - a +6 ring of intelligence
Wands
 c - a wand of light (2)
Scrolls
 d - a scroll of magic mapping
 r - 2 scrolls of identify
 s - a scroll of torment
 t - a scroll of brand weapon
 v - a scroll of summoning {unknown}
 w - 2 scrolls of teleportation
Potions
 e - a potion of berserk rage
 h - 3 potions of brilliance
 i - 3 potions of curing
 j - 2 potions of flight
 m - a potion of degeneration {unknown}
 n - a potion of cancellation {unknown}
 p - a potion of heal wounds {unknown}
 q - a potion of mutation {unknown}


   Skills:
 - Level 3.0 Fighting
 + Level 8.2 Long Blades
 - Level 2.6 Dodging
 - Level 1.7 Stealth


You had 6 spell levels left.
You didn't know any spells.
Your spell library was empty.

Dungeon Overview and Level Annotations

Branches:
Dungeon (6/15)             Temple (1/1) D:5

Altars:
Ashenzari
Fedhas
Gozag
Makhleb
Ru
Trog
Wu Jian
Yredelemnul

Annotations:
D:6 Menkaure


Innate Abilities, Weirdness & Mutations

You are a tree.
Your roots penetrate the ground, keeping you stationary.
You cannot be teleported.
You are immune to unholy pain and torment.
Your maximum health is greatly increased.
Your equipment is partially melded.
((You have a pair of small antennae on your head.))
You have a somewhat thin skeletal structure. (Dex +2, Stealth+)
((You are partially covered in sharp spines.))


Message History

* * * LOW HITPOINT WARNING * * *
The gnoll sergeant hits you from afar with a +0 spear!
* * * LOW HITPOINT WARNING * * *
An iguana comes into view.
The sky beast barely misses you.
It was a potion of curing.
You feel better.
The ufetubus hits you but does no damage. x2
The gnoll hits you from afar with a +0 spear.
* * * LOW HITPOINT WARNING * * *
The gnoll hits you but does no damage.
The gnoll hits you from afar with a +0 spear.
* * * LOW HITPOINT WARNING * * *
The gnoll sergeant hits you but does no damage.
A black bear comes into view.
The sky beast barely misses you.
The ufetubus hits you but does no damage. x2
It was a potion of flight.
Your roots keep you in place.
The ufetubus completely misses you.
The ufetubus hits you but does no damage.
The gnoll hits you but does no damage. x5
The gnoll sergeant hits you from afar with a +0 spear.
* * * LOW HITPOINT WARNING * * *
The sky beast hits you but does no damage.
The scorpion stings you but does no damage.
It was a potion of might.
You feel very mighty all of a sudden.
The ufetubus hits you but does no damage. x2
The gnoll sergeant hits you but does no damage.
The gnoll completely misses you.
The gnoll hits you from afar with a +0 halberd.
* * * LOW HITPOINT WARNING * * *
The gnoll hits you from afar with a +0 spear.
* * * LOW HITPOINT WARNING * * *
The sky beast hits you.
* * * LOW HITPOINT WARNING * * *
The sky beast shocks you.
* * * LOW HITPOINT WARNING * * *
The scorpion stings you.
You die...
Your body rises from the dead as a mindless zombie.

#. #.# #.##.. .
#.#.?####..
##..........
##...........
#............
#Y.........
#g♣5.......
....(..gs.......
.....gggg.......
................
...l............
................
............<...
.......h........


You could see a black bear (wandering), a sky beast, a gnoll sergeant, a
scorpion, an iguana, 5 gnolls and an ufetubus.

Vanquished Creatures
  A centaur (D:5)
  A phantom (D:5)
  A necrophage (D:4)
  A hound (D:4)
  Crazy Yiuf (D:3)
  A gnoll bouda (D:5)
  Natasha (thrice) (D:2)
  2 iguanas (D:4)
  An orc wizard (D:4)
  Terence (D:3)
  11 gnolls
  6 adders
  A white imp (D:5)
  An ufetubus (D:4)
  2 worms
  3 dart slugs
  4 orcs (D:4)
  6 bats
  7 endoplasms
  A giant cockroach (D:3)
  6 goblins
  8 hobgoblins
  2 jackals (D:1)
  7 kobolds
  6 quokkas
  8 ball pythons
  4 frilled lizards
  4 rats
100 creatures vanquished.

Vanquished Creatures (collateral kills)
  A hound (D:5)
1 creature vanquished.

Grand Total: 101 creatures vanquished

Notes
Turn   | Place    | Note
-------+----------+-------------------------------------------
     0 | D:1      | theswoord the Demonspawn Monk began the quest for the Orb.
     0 | D:1      | Reached XP level 1. HP: 18/18 MP: 1/1
   198 | D:1      | Reached skill level 3 in Long Blades
   373 | D:1      | Gained mutation: You have a pair of small antennae on your
                  | head. [demonic ancestry]
   373 | D:1      | Reached XP level 2. HP: 14/24 MP: 2/2
  1267 | D:1      | Reached XP level 3. HP: 24/29 MP: 3/3
  1488 | D:1      | Found a faded altar of an unknown god.
  1699 | D:1      | Reached skill level 4 in Long Blades
  2032 | D:2      | Noticed Natasha
  2041 | D:2      | Killed Natasha
  2051 | D:2      | Gained mutation: You are partially covered in sharp spines.
                  | [demonic ancestry]
  2051 | D:2      | Reached XP level 4. HP: 28/35 MP: 4/4
  2272 | D:2      | Noticed Natasha
  2283 | D:2      | Killed Natasha
  2288 | D:2      | Noticed Natasha
  2298 | D:2      | Killed Natasha
  2299 | D:2      | Reached skill level 5 in Long Blades
  3046 | D:3      | Noticed Terence
  3064 | D:3      | Killed Terence
  3065 | D:3      | Gained mutation: You have a somewhat thin skeletal
                  | structure. (Dex +2, Stealth+) [demonic ancestry]
  3065 | D:3      | Reached XP level 5. HP: 21/41 MP: 5/5
  4168 | D:3      | Reached skill level 6 in Long Blades
  4288 | D:3      | Found a runed translucent door.
  4289 | D:3      | Noticed Crazy Yiuf
  4301 | D:3      | Killed Crazy Yiuf
  4607 | D:4      | Reached XP level 6. HP: 47/47 MP: 6/6
  5272 | D:4      | Reached skill level 7 in Long Blades
  5413 | D:5      | Entered Level 5 of the Dungeon
  5447 | D:4      | Reached XP level 7. HP: 30/52 MP: 7/7
  5668 | D:5      | Found a sacrificial altar of Ru.
  5670 | D:5      | Found a bloodstained altar of Trog.
  5706 | D:5      | Found a staircase to the Ecumenical Temple.
  5723 | Temple   | Entered the Ecumenical Temple
  5729 | Temple   | Became a worshipper of Yredelemnul the Dark
  5729 | Temple   | Reached * piety under Yredelemnul
  5729 | Temple   | Reached ** piety under Yredelemnul
  5875 | D:5      | Reached skill level 8 in Long Blades
  6446 | D:6      | Noticed Menkaure
  6450 | D:6      | HP: 2/78 [sky beast (6)]
  6450 | D:6      | Slain by a scorpion

Skill      XL: |  1  2  3  4  5  6  7 |
---------------+----------------------+-----
Long Blades    | 3 4 5 6 7 8 |  8.2
Fighting       | |  3.0
Dodging        | |  2.6
Stealth        | |  1.7

Action                   |  1- 3 |  4- 6 |  7- 9 || total
-------------------------+-------+-------+-------++-------
Melee: Falchion          |   102 |   178 |    37 ||   317
       Punch             |       |       |     1 ||     1
  Use: Scroll            |     6 |     2 |       ||     8
       Potion            |       |     4 |     4 ||     8
 Stab: Sleeping          |     4 |     5 |       ||     9
Armor: Robe              |    11 |       |       ||    11
       Scale mail        |    11 |    46 |    17 ||    74
       Skin              |       |    57 |    19 ||    76
Dodge: Dodged            |    69 |    81 |    23 ||   173

Levels and vault maps discovered:
D:1:      roderic_crop_circles_arrival_small, layout_basic,
          hellmonk_ecumenical_altar_lost_god
D:2:      layout_loops_ring, chequers_serial_rivers_micro_e,
          minmay_misc_feat_diagonals, uniq_natasha
D:3:      layout_loops_ring, kennysheep_big_empty_room,
          nicolae_concentric_dashed_squares_mild, palyth_stone_intersect,
          uniq_terence, uniq_crazy_yiuf_cottage
D:4:      layout_basic, corexii_hall_statues_i
D:5:      layout_cave_pools, mainiacjoe_overflow_catwalk_spiral,
          minmay_temple_entry_ruins
D:6:      layout_rooms, mainiacjoe_overflow_24_doors, minmay_mini_ossuary,
          uniq_menkaure, uniq_edmund
Temple:   nicolae_temple_bog_church
